 Dungeon Crawl Stone Soup version 0.32-a0-120-gfac0567ad4 (webtiles) character file.

Game seed: 3689089472034902174

1008 zenocrate the Cudgeller (level 8, -1/69 (83) HPs)
             Began as an Oni Delver on Feb 6, 2024.
             Was a Follower of Okawaru.
             Slain by a wight
             ... wielding a +0 battleaxe
              (20 damage)
             ... on level 5 of the Dungeon.
             The game lasted 00:05:09 (5572 turns).

zenocrate the Cudgeller (Oni Delver)                Turns: 5572, Time: 00:05:09

HP:   -1/69 (83)    AC:  3    Str: 19    XL:     8   Next: 20%
MP:   8/8           EV:  9    Int: 11    God:    Okawaru [*.....]
Gold: 260           SH:  0    Dex: 10    Spells: 7/7 levels left

rFire   . . .        a - +0 giant spiked club
rCold   . . .        (shield currently unavailable)
rNeg    . . .        f - +0 robe
rPois   .            (helmet restricted)
rElec   .            (no cloak)
rCorr   .            (gloves unavailable)
SInv    .            (boots unavailable)
Will    +....        j - amulet of the acrobat
Stlth   ++           l - ring of willpower
HPRegen 0.31/turn    (no ring)
MPRegen 0.11/turn

%: acrobat
@: heavily drained
A: large, unfitting armour, horns 1, tough skin 1, double potion healing,
drunken brawling
a: Renounce Religion, Heroism


You were on level 5 of the Dungeon.
You worshipped Okawaru.
Okawaru was aware of your devotion.
You visited 2 branches of the dungeon, and saw 7 of its levels.

You collected 260 gold pieces.

Inventory:

Hand Weapons
 a - a +0 giant spiked club (weapon)
 b - a +0 flail
 x - a +0 mace
Missiles
 h - 10 boomerangs (quivered)
 B - 7 large rocks
Armour
 f - a +0 robe (worn)
Jewellery
 j - an amulet of the acrobat (around neck)
 l - a ring of willpower (left hand)
Wands
 g - a wand of digging (3)
 A - a wand of light (4)
Scrolls
 c - 2 scrolls of fog
 d - 2 scrolls of revelation
 e - 2 scrolls of fear
 m - a scroll of teleportation
 o - 3 scrolls of blinking
 u - a scroll of enchant armour {unknown}
 v - a scroll of amnesia {unknown}
 y - a scroll of torment {unknown}
Potions
 i - 2 potions of attraction
 k - a potion of enlightenment
 n - 2 potions of curing
 p - 2 potions of magic
 q - 2 potions of might
 r - a potion of heal wounds
 s - 2 potions of cancellation {unknown}
 t - a potion of lignification {unknown}
 w - a potion of invisibility {unknown}
 z - a potion of berserk rage {unknown}


   Skills:
 + Level 5.9 Fighting
 + Level 7.0 Maces & Flails
 - Level 1.7 Dodging
 - Level 3.7 Stealth
 - Level 4.2 Evocations


You had 7 spell levels left.
You didn't know any spells.
Your spell library contained the following spells:

 Spells                   Type           Power      Damage    Failure   Level
 Kiss of Death            Conj/Necr      0%         2d5       34%         1
 Confusing Touch          Hex            0%         N/A       71%         3
 Dispel Undead            Necr           0%         3d6       98%         4


Dungeon Overview and Level Annotations

Branches:
Dungeon (6/15)             Temple (1/1) D:5

Altars:
Cheibriados
Fedhas
Hepliaklqana
Kikubaaqudgha
Okawaru
Qazlal
Ru
Trog
Vehumet
Wu Jian
Yredelemnul
The Shining One

Shops:
D:4 !


Innate Abilities, Weirdness & Mutations

You are too large for most types of armour.
You have a pair of small horns on your head.
You have tough skin. (AC +1)
You gain doubled healing and magic from potions.
Whenever you drink a healing potion, you attack all around you.


Message History

You hear a shout!
The wight barely misses you.
You closely miss the wight.
You headbutt the wight, but do no damage.
The wight closely misses you. The wight hits you with a +0 battleaxe!
You feel drained. The wight barely misses you.
You hit the wight. Your headbutt misses the wight.
The wight is moderately damaged.
The wight hits you with a +0 battleaxe.
You feel drained. The wight barely misses you. The wight closely misses you.
An orc priest comes into view. It is wielding a +0 war axe.
An orc warrior comes into view. It is wielding a +0 dire flail.
You closely miss the wight.
The wight is moderately damaged.
The wight barely misses you. The wight hits you with a +0 battleaxe.
You feel drained.
An orc priest comes into view. It is wielding a +0 mace.
You barely miss the wight.
You headbutt the wight, but do no damage.
The wight is moderately damaged.
The wight hits you from afar with a +1 spear.
You feel drained. The wight barely misses you.
The orc priest invokes the aid of Beogh against you.
Beogh smites you!
The wight hits you from afar with a +1 spear!
You feel drained. The wight barely misses you.
An orc comes into view. It is wielding a +0 hand axe.
The orc shouts!
Unknown command.
The wight attacks as it pursues you! The wight closely misses you.
There is a stone staircase leading up here.
The wight hits you with a +0 battleaxe!
You feel drained.
* * * LOW HITPOINT WARNING * * *
You climb upwards.
There is a stone staircase leading down here.
Unknown command.
You closely miss the wight.
The wight is moderately damaged.
The wight hits you with a +0 battleaxe!!
You die...

#................##
#..#.###.......<..# ###
#....#.#..........# ####..
#...#.⌠.#.........# ####.....
#####...#.#..........# #.......[
#.......###.........## #........
.......#............### #........
..................#...######.....
................@####..#...#.....
.......###.....z## ##))...#.....
.......# ###..### ###...#.....
.......# ##..## #####.....
......## ##..### #...... #.....#
###..#### ###.... ###..##
##.....#### ##### ####
##.........## #...........#


You could see a wight.

Vanquished Creatures
  A water moccasin (D:5)
  3 ogres (D:5)
  A centaur (D:5)
  2 hounds
  A sleepcap (D:5)
  5 iguanas (D:5)
  Natasha (thrice) (D:3)
  2 orc wizards (D:4)
  8 adders
  A gnoll (D:1)
  4 ufetubi (D:5)
  2 dart slugs
  3 ribbon worms
  21 orcs
  14 bats
  10 endoplasms
  3 giant cockroaches
  17 goblins
  5 hobgoblins
  4 jackals
  2 kobolds
  2 quokkas (D:3)
  7 ball pythons
  3 frilled lizards
  5 rats
129 creatures vanquished.

Notes
Turn   | Place    | Note
-------+----------+-------------------------------------------
     0 | D:5      | zenocrate the Oni Delver began the quest for the Orb.
     0 | D:5      | Reached XP level 1. HP: 24/24 MP: 1/1
   109 | D:4      | Reached XP level 2. HP: 22/32 MP: 2/2
   201 | D:3      | Found the +18 Lear's hauberk
   215 | D:3      | Reached skill level 3 in Maces & Flails
   291 | D:3      | Reached XP level 3. HP: 9/39 MP: 3/3
   412 | D:3      | Noticed Natasha
   427 | D:3      | Killed Natasha
   428 | D:3      | Reached skill level 1 in Evocations
   443 | D:3      | Noticed Natasha
   455 | D:3      | HP: 1/39 [Natasha (3)]
   456 | D:3      | Killed Natasha
   457 | D:3      | Reached XP level 4. HP: 2/48 MP: 4/4
   987 | D:2      | Reached skill level 4 in Maces & Flails
  1139 | D:2      | Reached XP level 5. HP: 40/54 MP: 5/5
  2486 | D:3      | Noticed Natasha
  2497 | D:3      | Killed Natasha
  2498 | D:3      | Reached XP level 6. HP: 33/62 MP: 6/6
  3079 | D:4      | Reached skill level 5 in Maces & Flails
  3517 | D:4      | Found Eveyredet's Distillery.
  3883 | D:5      | Found a staircase to the Ecumenical Temple.
  3907 | Temple   | Entered the Ecumenical Temple
  3917 | Temple   | Became a worshipper of Warmaster Okawaru
  4100 | D:5      | Reached XP level 7. HP: 15/70 MP: 7/7
  4421 | D:5      | Reached skill level 6 in Maces & Flails
  4651 | D:5      | Reached * piety under Okawaru
  4943 | D:5      | Reached skill level 5 in Fighting
  5116 | D:5      | Reached XP level 8. HP: 77/81 MP: 8/8
  5421 | D:5      | Reached skill level 7 in Maces & Flails
  5572 | D:5      | Slain by a wight

Illustrated notes

Levels and vault maps discovered:
D:1:      wander_arrival_lonely_grave, layout_basic
D:2:      layout_loops_ring, minmay_box_of_dots
D:3:      layout_basic, uniq_natasha
D:4:      layout_loops_ring, serial_shops, nicolae_shop_peninsula, minivault_11
D:5:      wander_river, layout_cave_pods, minmay_temple_entry_glass,
          grunt_decor_one_mirror, minmay_ogre_servants
D:6:      layout_layer_cave, lightli_temple_of_fire, nicolae_lava_and_water
Temple:   hellmonk_temple_flake

Skill      XL: |  1  2  3  4  5  6  7  8 |
---------------+-------------------------+-----
Maces & Flails | 3 4 5 6 7 |  7.0
Evocations     | 1 2 3 4 |  4.2
Fighting       | 5 |  5.9
Dodging        | |  1.7
Stealth        | |  3.7

Action                     |  1- 3 |  4- 6 |  7- 9 || total
---------------------------+-------+-------+-------++-------
  Melee: Mace              |    60 |    25 |       ||    85
         Headbutt          |    11 |    43 |    18 ||    72
         Flail             |       |   240 |     3 ||   243
         Punch             |       |    12 |       ||    12
         Giant spiked club |       |       |    74 ||    74
    Use: Potion            |     1 |       |       ||     1
         Scroll            |       |     9 |       ||     9
   Stab: Sleeping          |     2 |    14 |     2 ||    18
 Armour: Robe              |    43 |   225 |    85 ||   353
  Dodge: Dodged            |    34 |   157 |    74 ||   265

Table legend: (Time is in decaauts)
 A = Elapsed time spent in this place.
 B = Non-inter-level travel time spent in this place.
 C = Inter-level travel time spent in this place.
 D = Time resting spent in this place.
 E = Time spent auto-exploring this place.
 F = Levels seen in this place.
 G = Mean time per level.
                   A        B        C        D        E       F      G
               +--------+--------+--------+--------+--------+-----+--------+
         Total |   5646 |   5520 |    126 |      2 |   4495 |   7 |  806.6 |
       Dungeon |   5625 |   5517 |    108 |      2 |   4495 |   6 |  937.5 |
        Temple |     20 |      2 |     18 |      0 |      0 |   1 |   20.0 |
               +--------+--------+--------+--------+--------+-----+--------+

Top non-repeatable levels by time:
     D:5: 1716 daAuts
     D:3: 1296 daAuts
     D:4: 1033 daAuts
     D:2: 885 daAuts
     D:1: 675 daAuts
  Temple: 20 daAuts
     D:6: 16 daAuts
